AoeStats
← j-ziel

Hideout

509068359Analyzed
1v1 RM · 7d ago on Sep 25, 2026· 47m 2s· 2 players
Game mode
Random Map
Map size
Tiny (2 player)
Population
200
Speed
Normal
Resources
Standard
Victory
Conquest
Starting age
Dark Age
Ending age
Imperial Age
RankedLock teamsTeams togetherTeam positionsShared explorationLock speedFull tech treeHidden civsTurbo modeCheats
Victory
Defeat
🇦🇺 Koreans · Australia
1292
+15
🇩🇪 Dravidians · Germany
1280
-15
j-ziel
7:07 Loom
8:02 Loom
10:50 Feudal Age
14:30 Castle Age
13:00 Double-Bit Axe
15:43 Wheelbarrow
15:27 Bow Saw
16:07 Loom
18:16 Loom
22:45 Fletching
30:00 Bodkin Arrow
31:19 Padded Archer Armor
30:47 Elite Skirmisher
39:23 Imperial Age
37:42 Horse Collar
37:58 Gold Mining
37:58 Stone Mining
38:43 Leather Archer Armor
39:39 Medical Corps
40:11 Masonry
39:29 Onager
42:28 Bracer
42:58 Ring Archer Armor
43:31 Conscription
43:37 Heated Shot
44:49 Chemistry
45:06 Ballistics
46:56 Thumb Ring
Railbuilder
7:15 Loom
9:23 Feudal Age
10:01 Double-Bit Axe
10:01 Horse Collar
13:18 Town Watch
13:57 Fletching
20:20 Castle Age
18:35 Gold Mining
20:33 Crossbowman
21:19 Bodkin Arrow
26:06 Bow Saw
25:58 Heavy Plow
28:45 Gold Shaft Mining
28:00 Stone Mining
30:09 Ballistics
31:32 Wheelbarrow
31:36 Thumb Ring
36:08 Imperial Age
33:55 Hand Cart
36:05 Eupseong
36:03 Treadmill Crane
38:02 Chemistry
37:15 Arbalester
38:03 Bracer
38:49 Arrowslits
40:25 Elite Skirmisher
43:35 Siege Engineers
Connection lost

Rejoining the realm…

Still unreachable

The connection could not be restored.

Session expired

The server has moved on; the page needs a fresh start.